 Dungeon Crawl Stone Soup version 0.31.0-12-g77e489cdc1 (webtiles) character file.

Game seed: 9911261776833195528

297 Killerpretzel the Changeling (level 6, 0/41 HPs)
             Began as an Octopode Shapeshifter on Feb 24, 2024.
             Slain by a gnoll
             ... wielding a +0 spear
              (5 damage)
             ... on level 4 of the Dungeon.
             The game lasted 00:03:12 (2764 turns).

Killerpretzel the Changeling (OpSh)                 Turns: 2764, Time: 00:03:12

Health: 0/41       AC:  1    Str: 13    XL:     6   Next: 35%
Magic:  6/6        EV: 14    Int: 12    God:
Gold:   170        SH:  0    Dex: 14    Spells: 5/5 levels left

rFire   . .          .
                       - Unarmed
rCold   . . .        (no shield)
rNeg    . . .        (helmet currently unavailable)
rPois   .            (no amulet)
rElec   .            (no ring)
rCorr   .            (no ring)
SInv    .            (no ring)
Will    .....        (no ring)
Stlth   ++           (no ring)
HPRegen 0.26/turn    (no ring)
MPRegen 0.10/turn    (no ring)
                     (no ring)

%: no passive effects
@: beast-form
A: beast (slay +2), almost no armour, amphibious, 8 rings, camouflage 1,
gelatinous body 1, (nimble swimmer 1), tentacles
a: Begin Untransformation


You were on level 4 of the Dungeon.
You were a hulking beast.
You visited 1 branch of the dungeon, and saw 4 of its levels.

You collected 170 gold pieces.

Inventory:

Talismans
 b - a beast talisman
 c - a flux talisman
Wands
 k - a wand of charming (15)
Scrolls
 a - a scroll of fear
 i - a scroll of identify {unknown}
 j - 2 scrolls of teleportation
Potions
 f - 3 potions of curing
 g - a potion of lignification
 h - a potion of mutation {unknown}
 l - a potion of attraction {unknown}


   Skills:
 + Level 2.8 Fighting
 + Level 3.3 Dodging
 + Level 4.0 Unarmed Combat
 * Level 4.6 Shapeshifting


You had 5 spell levels left.
You didn't know any spells.
Your spell library contained the following spells:

 Spells                   Type           Power      Damage    Failure   Level
 Sandblast                Erth           0%         2d4       32%         1
 Ensorcelled Hibernation  Hex/Ice        0%         N/A       45%         2
 Fugue of the Fallen      Necr           0%         N/A       69%         3
 Passwall                 Erth           0%         N/A       69%         3
 Stone Arrow              Conj/Erth      0%         3d7       69%         3
 Anguish                  Hex/Necr       0%         N/A       97%         4
 Brom's Barrelling Bould  Conj/Erth      0%         2d3       97%         4


Dungeon Overview and Level Annotations

Branches:
Dungeon (4/15)
 Temple: D:4-7

Altars:
Elyvilon
Hepliaklqana
Sif Muna
Uskayaw
Xom
Zin

Annotations:
D:2 1 runed translucent door, Crazy Yiuf


Innate Abilities, Weirdness & Mutations

You are a hulking beast.
Your limbs bulge with bestial killing power. (Slay +2)
You cannot wear most types of armour.
You are amphibious.
You can wear up to eight rings at the same time.
Your skin changes colour to match your surroundings (Stealth+).
Your rubbery body absorbs attacks. (AC +1, EV +1)
((You are camouflaged when in or above water. (Stealth+)))
You have tentacles for arms and can constrict up to eight enemies at once.


Message History

It was a potion of invisibility.
You fade into invisibility!
The gnoll hits you from afar with a +0 spear.
* * * LOW HITPOINT WARNING * * *
It was a potion of heal wounds.
You feel much better. The gnoll hits you but does no damage.
It was a potion of curing.
You feel better. The gnoll hits you but does no damage.
Okay, then.
The gnoll hits you but does no damage. The gnoll hits you but does no damage.
The gnoll hits you but does no damage.
The gnoll hits you from afar with a +0 spear.
The gnoll hits you but does no damage. The gnoll hits you but does no damage.
Your transformation is almost over.
The gnoll hits you but does no damage. The gnoll hits you but does no damage.
The gnoll hits you from afar with a +0 spear.
The gnoll hits you but does no damage. The gnoll hits you but does no damage.
You flicker for a moment.
The gnoll hits you from afar with a +0 spear.
The gnoll hits you but does no damage. The gnoll hits you but does no damage.
The gnoll hits you from afar with a +0 spear.
You feel less wooden.
You turn into a hulking beast.
The gnoll barely misses you.
You flicker back into view.
The gnoll hits you from afar with a +0 spear.
The gnoll hits you with a +0 spear!
Items here: $ ( )) [ ††.
You completely miss the gnoll. You grab the gnoll. You constrict the gnoll.
The gnoll barely misses you. x2
You tentacle-slap the gnoll. You squeeze the gnoll!
You kill the gnoll!
The gnoll hits you from afar with a +0 spear.
* * * LOW HITPOINT WARNING * * *
The gnoll hits you from afar with a +0 spear.
You die...

#..#.# .).. .#
#..#<# ###.###....
###..#.###..........
#..>.†....)†........
#.#.....####.#.#....
# #.....# #.#...#..
#<....# #.# ### #
#.....####..
#.#....h)###
#+######o#


gg. ..... .....~# ......' .)...~# .....~~ You could see 2 gnolls and an orc.

Vanquished Creatures
  Terence (D:2)
  An orc wizard (D:4)
  Ijyb (D:3)
  Natasha (thrice) (D:2)
  A gnoll (D:4)
  6 adders
  A dart slug (D:1)
  4 orcs
  8 endoplasms
  2 giant cockroaches (D:1)
  16 goblins
  11 hobgoblins
  12 jackals
  2 kobolds (D:2)
  A quokka (D:1)
  4 ball pythons
  A bat (D:1)
  3 frilled lizards
  7 rats
85 creatures vanquished.

Notes
Turn   | Place    | Note
-------+----------+-------------------------------------------
     0 | D:1      | Killerpretzel the Octopode Shapeshifter began the quest for
                  | the Orb.
     0 | D:1      | Reached XP level 1. HP: 13/13 MP: 1/1
   123 | D:1      | Reached XP level 2. HP: 18/18 MP: 2/2
   315 | D:1      | Reached XP level 3. HP: 22/23 MP: 3/3
   454 | D:1      | Found a faded altar of an unknown god.
   850 | D:2      | Found a runed translucent door.
   851 | D:2      | Noticed Crazy Yiuf
   965 | D:2      | Noticed Terence
   981 | D:2      | Killed Terence
   982 | D:2      | Reached XP level 4. HP: 29/29 MP: 4/4
  1135 | D:2      | Noticed Natasha
  1142 | D:2      | Killed Natasha
  1173 | D:2      | Noticed Natasha
  1181 | D:2      | Killed Natasha
  1182 | D:2      | Reached XP level 5. HP: 24/34 MP: 5/5
  1229 | D:2      | Noticed Natasha
  1234 | D:2      | Killed Natasha
  1787 | D:3      | Found a white marble altar of Elyvilon.
  1794 | D:3      | Found a hide-covered altar of Uskayaw.
  1797 | D:3      | Found a shimmering blue altar of Sif Muna.
  1797 | D:3      | Found a shimmering altar of Xom.
  1805 | D:3      | Found a hazy altar of Hepliaklqana.
  2011 | D:3      | Found a glowing silver altar of Zin.
  2272 | D:3      | Reached XP level 6. HP: 38/41 MP: 6/6
  2469 | D:3      | Noticed Ijyb
  2476 | D:3      | Killed Ijyb
  2764 | D:4      | Slain by a gnoll

Illustrated notes

Levels and vault maps discovered:
D:1:      spicycebolla_arrival_risky_transporter, layout_basic,
          hellmonk_ecumenical_altar_prayer_group, chequers_serial_rivers_micro_d
D:2:      layout_rooms, serial_glass, glass_columns_a, glass_columns_c,
          glass_columns_b, glass_columns_a, glass_columns_b, glass_columns_b,
          glass_columns_a, glass_columns_c, glass_columns_a, glass_columns_b,
          glass_columns_a, uniq_crazy_yiuf_cottage, uniq_natasha, uniq_terence
D:3:      kennysheep_goblin_castle, layout_basic,
          nicolae_overflow_hallway_of_the_gods, zin_academy, minmay_misc_feat_x,
          kennysheep_generic_room_12
D:4:      layout_basic, kennysheep_mini_moat, slow_altar_2

Skill      XL: |  1  2  3  4  5  6 |
---------------+-------------------+-----
Fighting       | 2 |  2.8
Shapeshifting  | 4 |  4.6
Dodging        | 3 |  3.3
Unarmed Combat | 4 |  4.0

Action                     |  1- 3 |  4- 6 || total
---------------------------+-------+-------++-------
  Melee: Unarmed           |    75 |    93 ||   168
         Constrict         |    19 |    18 ||    37
         Tentacles         |    15 |    17 ||    32
         Punch             |       |     4 ||     4
    Use: Scroll            |     1 |     5 ||     6
         Potion            |     1 |     4 ||     5
   Stab: Sleeping          |     5 |     9 ||    14
 Armour: Skin              |    32 |    93 ||   125
  Dodge: Dodged            |    44 |    43 ||    87
